 Dungeon Crawl Stone Soup version 0.17-a0-1939-ga475588 (webtiles) character file.

1778 achirane the Thrower (level 8, -5/75 HPs)
             Began as a Centaur Hunter on Sept 29, 2015.
             Was an Initiate of Okawaru.
             Slain by a shadow (6 damage)
             ... on level 11 of the Dungeon.
             The game lasted 01:10:48 (4464 turns).

achirane the Thrower (Centaur Hunter)               Turns: 4464, Time: 01:10:48

Health: -5/75      AC: 11    Str: 19      XL:     8   Next: 81%
Magic:  3/3        EV:  3    Int: 13      God:    Okawaru [......]
Gold:   286        SH:  0    Dex:  9 (10) Spells: 0 memorised, 7 levels left

rFire  . . .     SeeInvis +     B - +7 broad axe of the Forgotten Lives {antimagic, *Rage +Inv Int+3}
rCold  . . .     Rnd*Rage +     F - +1 plate armour of the Duchess {rN+ Str+2 Slay-3}
rNeg   + . .     SustAt   .     (no shield)
rPois  .         Gourm    .     i - +0 helmet
rElec  .         Spirit   .     n - +0 cloak (curse)
rCorr  .         Warding  .     (no gloves)
rMut   .         Stasis   .     (no barding)
MR     .....                    (no amulet)
Stlth  ..........               l - ring of see invisible {sInv, !d}
                                m - ring of stealth {Stlth+}

@: exhausted, slowed, not resistant to hostile enchantments, extremely
unstealthy
A: hooves 3, deformed body, speed 2, tough skin 3
a: Renounce Religion, Evoke Invisibility


You were on level 11 of the Dungeon.
You worshipped Okawaru.
Okawaru was noncommittal.
You were hungry.

You visited 2 branches of the dungeon, and saw 13 of its levels.

You collected 286 gold pieces.

Inventory:

Hand weapons
 b - a +0 shortbow
   (You took it off a centaur on level 6 of the Dungeon)
 c - a +0 short sword
 x - a +0 trident
   (You took it off an orc on level 9 of the Dungeon)
 y - a +0 hunting sling
   (You found it on level 6 of the Dungeon)
 B - the +7 broad axe of the Forgotten Lives (weapon) {antimagic, *Rage +Inv Int+3}
   (You found it on level 10 of the Dungeon)

   It disrupts the flow of magical energy around spellcasters and certain
   magical creatures (including the wielder).
   It affects your intelligence (+3).
   It lets you turn invisible.
   It may make you go berserk in combat.
Missiles
 t - 23 arrows
 G - 4 tomahawks (quivered)
Armour
 i - a +0 helmet (worn)
   (You found it on level 3 of the Dungeon)
 n - a cursed +0 cloak (worn)
   (You found it on level 9 of the Dungeon)
 z - a +0 ring mail
   (You took it off an orc on level 10 of the Dungeon)
 F - the +1 plate armour of the Duchess (worn) {rN+ Str+2 Slay-3}
   (You found it on level 9 of the Dungeon)

   It affects your strength (+2).
   It affects your accuracy and damage with ranged weapons and melee attacks
   (-3).
   It protects you from negative energy.
Jewellery
 l - a ring of see invisible (right hand) {sInv, !d}
   (You found it on level 9 of the Dungeon)
 m - a ring of stealth (left hand) {Stlth+}
   (You found it on level 4 of the Dungeon)
 p - an uncursed ring of wizardry {Wiz+, !d}
   (You found it on level 5 of the Dungeon)
 A - an uncursed ring of wizardry {Wiz+, !d}
   (You found it on level 6 of the Dungeon)
 K - an uncursed ring of protection from fire {rF+, !d}
   (You found it on level 11 of the Dungeon)
Magical devices
 k - a wand of digging (1)
   (You found it on level 2 of the Dungeon)
 D - a wand of confusion (20)
   (You found it on level 9 of the Dungeon)
 H - a wand of frost (10)
   (You found it on level 10 of the Dungeon)
Scrolls
 a - a scroll of blinking {unknown}
 d - a scroll of holy word {unknown}
 h - a scroll of remove curse
 o - a scroll of noise {!r}
 q - a scroll of enchant weapon {unknown}
 v - a scroll of teleportation {unknown}
 w - a scroll of enchant armour {unknown}
 C - a scroll of recharging {unknown}
 J - a scroll of immolation {unknown}
 L - a scroll of identify
Potions
 f - 2 potions of magic
 g - a potion of flight
 s - 3 potions of brilliance
 u - a potion of agility {unknown}
Miscellaneous
 j - a crystal ball of energy
   (You found it on level 11 of the Dungeon)
Comestibles
 e - a bread ration {@e1}
 r - a beef jerky
 E - a meat ration {@e2}
 I - a fruit


   Skills:
 + Level 8.4 Fighting
 - Level 9.2 Throwing
 - Level 1.3 Dodging
 - Level 0.5 Stealth
 + Level 4.7 Evocations


You had 7 spell levels left.
You didn't know any spells.

Dungeon Overview and Level Annotations

Branches:
Dungeon (12/15)            Temple (1/1) D:7
   Lair: D:8-11         Orc: D:9-12

Altars:
Dithmenos
Kikubaaqudgha
Nemelex Xobeh
Okawaru
Ru
Trog
Xom
Yredelemnul
Zin

Annotations:
D:4 Edmund
D:5 tp1's ghost, experienced GrBe
D:9 Grum
D:11 Maurice; ololoev's ghost, experienced HOBe


Innate Abilities, Weirdness & Mutations

You have hooves in place of feet.
Armour fits poorly on your strangely shaped body.
You cover ground very quickly.
You have extremely tough skin (AC +3).


Message History

You feel yourself speed up.
Throwing (i - inventory):
G - 5 tomahawks (quivered)
Press: ? - help, Shift-Dir - straight line, f/p - orc priest
Aim: an orc priest, wielding a falchion and wearing a ring mail (almost dead)
You throw a tomahawk.
The tomahawk closely misses the orc priest.
You hit the orc priest but do no damage.
The orc priest is almost dead.
The orc priest hits you but does no damage. x2
You hit the orc priest.
You kill the orc priest!
Okawaru accepts your kill. The shadow hits you.
* * * LOW HITPOINT WARNING * * *
You take 5 damage, and have 9/75 hp.
The troll shouts!
There is an open door here.
There is an escape hatch in the floor here.
The shadow slips into darkness.
The shadow flickers and vanishes for a moment.
You feel less exhausted.
The deep elf mage shouts!
The orc shouts!
There is an open door here.
You close the door.
(D) Dungeon (T) Temple
Where to? (Enter - D:2 @ (x,y), ? - help)
Okay, then.
Unknown command.
Unknown command.
Unknown command.
You are a level 8 Centaur Hunter.
You are 80% of the way to level 9.
Play time: 01:08:16 (4447 turns) Unknown command.
Unknown command.
Unknown command.
Unknown command.
Unknown command.
Unknown command.
Unknown command.
Unknown command.
Unknown command.
Unknown command.
A red film seems to cover your vision as you go berserk!
You feel yourself moving faster!
You feel mighty!
You slash the orc!
You kill the orc!
Okawaru accepts your kill.
Something unseen opens the door.
You now have 19/112 hp.
There is an open door here.
You feel a strong urge to attack something.
You see here 28 stones.
There is an open door here.
You feel your anger subside.
The orc shouts!
You are no longer berserk.
You are exhausted.
You feel yourself slow down.
You are feeling hungry.
You now have 14/75 hp.
The giant frog skeleton hits you but does no damage.
The giant frog skeleton hits you but does no damage.
The shadow hits you!
* * * LOW HITPOINT WARNING * * *
You take 7 damage, and have 8/75 hp.
Evoke which item? (* to show all) (? for menu, Esc to quit)
Zapping:
D - a wand of confusion {zapped: 3} (will waste charges)
Press: ? - help, Shift-Dir - straight line, f - shadow
Aim: a shadow (chance to defeat MR: 37%)
Okay, then.
Unknown command.
Unknown command.
Drink which item? (? for menu, Esc to quit)
Okay, then.
Unknown command.
Use which ability?
Okay, then.
Unknown command.
Evoke which item? (* to show all) (? for menu, Esc to quit)
Okay, then.
Unknown command.
You closely miss the shadow. You slash the giant frog skeleton!
The giant frog skeleton hits you but does no damage. x2
The shadow hits you.
* * * LOW HITPOINT WARNING * * *
The giant frog skeleton hits you.
* * * LOW HITPOINT WARNING * * *
The shadow hits you.
* * * LOW HITPOINT WARNING * * *
You take 6 damage, and have 2/75 hp.
Press: ? - help, v - describe, . - travel The floor, spattered with blood.
Unknown command.
Your plate armour of the Duchess prevents you from hitting the shadow.
You slash the giant frog skeleton!
The giant frog skeleton hits you but does no damage.
The shadow hits you. The giant frog skeleton hits you.
* * * LOW HITPOINT WARNING * * *
The shadow hits you.
You die...

#....................# .... .
#....................##'... .
###......................... .
#.......###ยง#............((
#.......#...#...........(#
#.......'...#............#
#.......#...#.........(..#
#.......#...'..Z.o...[...#
#......<#..##.@T.........#
#.....###..#..W..####'#..#
#.....#....#.....#.>.(#..#
#.....+....#.....#....'..######
#.....#....#.....'....#........
#.....#....#>....#....#.)..[...
#.....#....#.....#...T#........
#.....#....'.....#....#........
#.....#....#.....#....#........


You could see a troll, a shadow, an orc and a giant frog skeleton.

Vanquished Creatures
  Psyche (D:11)
  A wyvern (D:11)
  A vampire mosquito (D:12)
  A wolf (D:9)
  A necrophage (D:6)
  2 centaurs
  A big kobold (D:8)
  A giant frog (D:6)
  2 scorpions (D:10)
  A hound (D:10)
  3 crimson imps
  A quasit (D:10)
  A jelly (D:6)
  2 orc priests
  2 iguanas
  5 worker ants
  2 hound skeletons
  A worker ant zombie (D:6)
  4 adders
  A shadow imp (D:6)
  An adder skeleton (D:9)
  3 giant geckos
  13 orcs
  5 giant cockroaches
  A hobgoblin (D:1)
  4 jackals (D:7)
  A quokka (D:3)
  2 bats (D:1)
  A jackal skeleton (D:6)
  4 kobolds
  3 rats
72 creatures vanquished.

Notes
Turn   | Place    | Note
--------------------------------------------------------------
     0 | D:1      | achirane the Centaur Hunter began the quest for the Orb.
     0 | D:1      | Reached XP level 1. HP: 17/17 MP: 1/1
   175 | D:4      | Noticed a hound
   542 | D:3      | Reached XP level 2. HP: 19/25 MP: 2/2
   615 | D:5      | Entered Level 5 of the Dungeon
   741 | D:4      | You fall through a shaft!
   747 | D:5      | Noticed tp1's ghost (experienced GrBe)
   791 | D:5      | Noticed a centaur
   796 | D:4      | Noticed Edmund
   820 | D:4      | Noticed a centaur skeleton
   896 | D:5      | Reached skill level 3 in Fighting
   896 | D:5      | Reached skill level 6 in Throwing
   896 | D:5      | Reached XP level 3. HP: 29/31 MP: 3/3
   898 | D:5      | Found a basalt altar of Yredelemnul.
   968 | D:5      | Reached XP level 4. HP: 38/38 MP: 4/4
   977 | D:5      | Found a bloodstained altar of Trog.
  1054 | D:5      | Killed a centaur
  1054 | D:5      | Reached skill level 4 in Fighting
  1054 | D:5      | Reached skill level 7 in Throwing
  1054 | D:5      | Reached XP level 5. HP: 26/46 MP: 5/5
  1127 | D:6      | Noticed a necrophage
  1412 | D:5      | Noticed an ice beast
  1464 | D:6      | Noticed a necrophage
  1533 | D:6      | Killed a necrophage
  1533 | D:6      | Reached skill level 5 in Fighting
  1533 | D:6      | Reached skill level 8 in Throwing
  1533 | D:6      | Reached XP level 6. HP: 52/56 MP: 6/6
  1575 | D:6      | Noticed a centaur
  1599 | D:6      | Killed a centaur
  1667 | D:6      | Found a shadowy altar of Dithmenos.
  1710 | D:6      | Reached XP level 7. HP: 34/61 MP: 7/7
  1824 | D:7      | Found a staircase to the Ecumenical Temple.
  1858 | Temple   | Entered the Ecumenical Temple
  1921 | Temple   | Became a worshipper of Warmaster Okawaru
  2218 | D:8      | Reached skill level 6 in Fighting
  2218 | D:8      | Reached skill level 9 in Throwing
  2306 | D:10     | Entered Level 10 of the Dungeon
  2377 | D:10     | HP: 15/63 [poisoned by a scorpion]
  2629 | D:10     | Got a smoking broad axe
  2630 | D:10     | Identified the +7 broad axe of the Forgotten Lives {antimagic, *Rage +Inv Int+3} (You found it on level 10 of the Dungeon)
  2665 | D:11     | Noticed a wyvern
  2670 | D:11     | Killed a wyvern
  2670 | D:11     | Acquired Okawaru's first power
  2670 | D:11     | Reached skill level 1 in Evocations
  2696 | D:11     | Noticed Psyche
  2701 | D:11     | Killed Psyche
  2701 | D:11     | Reached skill level 7 in Fighting
  2701 | D:11     | Reached skill level 3 in Evocations
  2701 | D:11     | Reached XP level 8. HP: 53/73 MP: 2/10
  2704 | D:11     | Noticed a troll
  2740 | D:11     | Noticed a troll
  2799 | D:11     | HP: 11/73 [something (27)]
  2818 | D:10     | HP: 11/73 [hound (3)]
  2882 | D:10     | Noticed a troll
  2906 | D:10     | HP: 13/73 [troll (14)]
  3083 | D:9      | Got a fine plate armour
  3094 | D:9      | Identified the +1 plate armour of the Duchess {rN+ Str+2 Slay-3} (You found it on level 9 of the Dungeon)
  3113 | D:9      | Noticed Grum
  3162 | D:10     | Noticed a hill giant
  3294 | D:11     | Noticed Maurice
  3514 | D:10     | Reached skill level 4 in Evocations
  3520 | D:10     | HP: 18/74 [poisoned by a scorpion]
  3525 | D:10     | HP: 12/74 [poisoned by a scorpion]
  3530 | D:10     | HP: 10/74 [poisoned by a scorpion]
  3537 | D:10     | HP: 9/74 [poisoned by a scorpion]
  3544 | D:10     | HP: 9/74 [poisoned by a scorpion]
  3551 | D:10     | HP: 9/74 [iguana (2)]
  3552 | D:10     | Reached skill level 8 in Fighting
  3644 | D:10     | Noticed a deep elf mage
  3824 | D:10     | Noticed a troll
  3919 | D:11     | Noticed a purple ugly thing
  3928 | D:11     | Noticed a deep elf mage
  3929 | D:11     | Noticed ololoev's ghost (experienced HOBe)
  3963 | D:12     | Noticed a centaur zombie
  3963 | D:12     | Noticed a cyclops
  4233 | D:11     | Noticed a troll
  4283 | D:12     | Noticed a tengu warrior
  4348 | D:12     | Noticed a kobold demonologist
  4349 | D:12     | Noticed a red devil
  4386 | D:12     | HP: 27/111 [vampire mosquito (4)]
  4400 | D:12     | Noticed a hill giant
  4423 | D:11     | HP: 13/75 [orc priest/divine providence (10)]
  4428 | D:11     | HP: 9/75 [shadow (5)]
  4462 | D:11     | HP: 8/75 [shadow (7)]
  4463 | D:11     | HP: 3/75 [giant frog skeleton (3)]
  4464 | D:11     | HP: 1/75 [giant frog skeleton (1)]
  4464 | D:11     | Slain by a shadow

Vault maps used:
D:1:      dpeg_arrival_boxorama
D:2:      first_bread
D:3:      grunt_ministairs_14
D:4:      kennysheep_mini, elyvilon_altar_5, uniq_pikel, uniq_edmund
D:5:      nicolae_overflow_crystal_walls, lemuel_doored_altar
D:6:      old_standard_altar
D:7:      minmay_temple_entry_purple_smoke, serial_shops, shop_coins, shop,
          lightli_minifort, uniq_menkaure
D:8:      old_standard_altar, minmay_lair_entry_lava, enter_ossuary_2,
          grunt_pizzeria, dk_rats_in_the_wall
D:9:      minmay_misc_feat_nine_boxes, uniq_grum
D:10:     enter_bailey_8, nicolae_trove_entry_path_of_doom
D:11:     minmay_orc_entry_temple_small, uniq_psyche, uniq_maurice
D:12:     st_stairs_7
Temple:   chambers_temple_14

Action                   |  1- 3 |  4- 6 |  7- 9 || total
-------------------------+-------+-------+-------++-------
Melee: Short sword       |    21 |    31 |    77 ||   129
       Trident           |       |       |    19 ||    19
       Spear             |       |       |     3 ||     3
       Broad axe         |       |       |    70 ||    70
 Fire: Shortbow          |       |     1 |    30 ||    31
Throw: Javelin           |    26 |    40 |     1 ||    67
       Throwing net      |       |     3 |       ||     3
       Tomahawk          |       |     1 |    48 ||    49
Invok: Heroism           |       |       |     4 ||     4
 Abil: Evoke Invisibilit |       |       |     2 ||     2
Evoke: Wand              |       |       |     5 ||     5
  Use: Scroll            |       |     1 |     4 ||     5
       Potion            |       |       |     3 ||     3
  Eat: Chunk             |       |     1 |     9 ||    10
       Royal jelly       |       |       |     1 ||     1
       Fruit             |       |       |     1 ||     1

Vault maps used:
D:1:      dpeg_arrival_boxorama
D:2:      first_bread
D:3:      grunt_ministairs_14
D:4:      kennysheep_mini, elyvilon_altar_5, uniq_pikel, uniq_edmund
D:5:      nicolae_overflow_crystal_walls, lemuel_doored_altar
D:6:      old_standard_altar
D:7:      minmay_temple_entry_purple_smoke, serial_shops, shop_coins, shop,
          lightli_minifort, uniq_menkaure
D:8:      old_standard_altar, minmay_lair_entry_lava, enter_ossuary_2,
          grunt_pizzeria, dk_rats_in_the_wall
D:9:      minmay_misc_feat_nine_boxes, uniq_grum
D:10:     enter_bailey_8, nicolae_trove_entry_path_of_doom
D:11:     minmay_orc_entry_temple_small, uniq_psyche, uniq_maurice
D:12:     st_stairs_7
Temple:   chambers_temple_14

Table legend:
 A = Turns spent in this place as a percentage of turns spent in the entire game.
 B = Non-inter-level travel turns spent in this place as a percentage of non-inter-level travel turns spent in the entire game.
 C = Inter-level travel turns spent in this place as a percentage of turns spent in this place.
 D = Turns resting spent in this place as a percentage of non-inter-level travel turns spent in this place.
 E = Turns spent auto-exploring this place as a percentage of non-inter-level travel turns spent in this place.
 F = Non-inter-level travel turns spent in this place divided by the number of levels of this place that you've seen.
                   A       B       C       D       E      F
               +-------+-------+-------+-------+-------+----------------------
         Total | 100.0 | 100.0 |   0.0 |   0.1 |   0.2 | 297.5
       Dungeon |  98.0 |  98.0 |   0.0 |   0.1 |   0.2 | 315.8
        Temple |   2.0 |   2.0 |   0.0 |   0.0 |   0.0 |  79.0
               +-------+-------+-------+-------+-------+----------------------

Table legend:
 A = Kills in this place as a percentage of kills in entire the game.
 B = Kills by you in this place as a percentage of kills by you in the entire game.
 C = Kills by friends in this place as a percentage of kills by friends in the entire game.
 D = Other kills in this place as a percentage of other kills in the entire game.
 E = Experience gained in this place as a percentage of experience gained in the entire game.
 F = Experience gained in this place divided by the number of levels of this place that you have seen.
                   A       B       C       D       E      F
               +-------+-------+-------+-------+-------+----------------------
         Total | 100.0 | 100.0 |  -nan |  -nan | 100.0 | 195.4
       Dungeon | 100.0 | 100.0 |  -nan |  -nan | 100.0 | 211.7
               +-------+-------+-------+-------+-------+----------------------
